 Dungeon Crawl Stone Soup version 0.32-a0-814-g0968bab981 (webtiles) character file.

Game seed: 1905839532536856319

28 idiolect the Shooter (level 2, -7/27 HPs)
             Began as a Minotaur Hunter on Mar 22, 2024.
             Mangled by Robin
             ... wielding a +6 falchion of venom
              (9 damage)
             ... on level 2 of the Dungeon.
             The game lasted 00:02:01 (754 turns).

idiolect the Shooter (Minotaur Hunter)               Turns: 754, Time: 00:02:03

Health: -7/27      AC:  3    Str: 15    XL:     2   Next: 96%
Magic:  1/1        EV: 11    Int:  6    God:
Gold:   29         SH:  0    Dex: 13    Spells: 1/1 levels left

rFire   . . .        a - +0 shortbow
rCold   . . .        (shield currently unavailable)
rNeg    . . .        c - +0 leather armour
rPois   .            (helmet restricted)
rElec   .            (no cloak)
rCorr   .            (no gloves)
SInv    .            (no boots)
Will    .....        (no amulet)
Stlth   +            (no ring)
HPRegen 0.24/turn    (no ring)
MPRegen 0.07/turn

%: no passive effects
@: lethally poisoned (-7 -> -16)
A: horns 2, retaliatory headbutt, robust 1, persistent drain
a: no special abilities


You were on level 2 of the Dungeon.
You visited 1 branch of the dungeon, and saw 2 of its levels.

You collected 29 gold pieces.

Inventory:

Hand Weapons
 a - a +0 shortbow (weapon)
Armour
 c - a +0 leather armour (worn)
Scrolls
 b - a scroll of butterflies
 e - 2 scrolls of identify {unknown}
 g - a scroll of fog {unknown}
Potions
 d - a potion of mutation
 f - a potion of ambrosia {unknown}
 h - a potion of brilliance {unknown}
 i - a potion of berserk rage {unknown}


   Skills:
 - Level 2.4 Fighting
 + Level 5.4 Ranged Weapons
 - Level 0.3 Armour
 - Level 2.1 Dodging
 - Level 0.7 Stealth


You had one spell level left.
You didn't know any spells.
Your spell library contained the following spells:

 Spells                   Type           Power      Damage    Failure   Level
 Lesser Beckoning         Tloc           0%         N/A       67%         2
 Gell's Gravitas          Tloc           0%         N/A       88%         3
 Teleport Other           Tloc           0%         N/A       88%         3


Dungeon Overview and Level Annotations

Branches:
Dungeon (2/15)

Altars:

Annotations:
D:2 Robin


Innate Abilities, Weirdness & Mutations

You have a pair of horns on your head.
You reflexively headbutt those who attack you in melee.
You are robust. (+10% HP)
Your health recovers twice as slowly from being drained.


Message History

You are too injured to fight recklessly!
You are too injured to fight recklessly!
You are too injured to fight recklessly!
You are too injured to fight recklessly!
You are too injured to fight recklessly!
You are too injured to fight recklessly!
You are too injured to fight recklessly!
You are too injured to fight recklessly!
You are too injured to fight recklessly!
You are too injured to fight recklessly!
You are too injured to fight recklessly!
You are too injured to fight recklessly!
You are too injured to fight recklessly!
You are too injured to fight recklessly!
You are too injured to fight recklessly!
You are too injured to fight recklessly!
You are too injured to fight recklessly!
You shoot an arrow.
The arrow hits Robin but does no damage.
You feel sick. Robin closely misses you.
You feel sick.
You see here a +1 dagger of venom.
You shoot an arrow.
The arrow hits Robin but does no damage.
You feel sick.
Robin hits you with a +6 falchion of venom.
You are lethally poisoned!
You shoot an arrow.
The arrow hits Robin but does no damage.
* * * LOW HITPOINT WARNING * * *
You feel very sick. Robin completely misses you.
It was a potion of mutation.
You feel extremely strange.
You begin to recover more slowly from draining effects.
You feel robust.
* * * LOW HITPOINT WARNING * * *
You feel very sick.
Robin hits you with a +6 falchion of venom!
You die...
Robin says, "And that's why I'm the boss."

....#.####.#
..#####.#.#.####.#
........#........#
#.# #....#<.....#
..# #.##.#.####.#
#.# #.##.#.# #.#
#.###.##.#.# #.#
#.#.#.####.# #.#
#.#...# #.# #@#
##.#.### #.# #g#
....># #g# ##...#


g.g.g.gg# #....# ######### #)...# .....# #.#..# .......# You could see Robin, 2
hobgoblins and a goblin.

Vanquished Creatures
  2 ball pythons
  5 endoplasms
  6 goblins
  4 kobolds
  A quokka (D:1)
  A bat (D:1)
  3 frilled lizards
  2 rats (D:1)
24 creatures vanquished.

Notes
Turn   | Place    | Note
-------+----------+-------------------------------------------
     0 | D:1      | idiolect the Minotaur Hunter began the quest for the Orb.
     0 | D:1      | Reached XP level 1. HP: 18/18 MP: 0/0
   142 | D:1      | Reached XP level 2. HP: 25/25 MP: 1/1
   329 | D:1      | Reached skill level 5 in Ranged Weapons
   739 | D:2      | Noticed Robin
   754 | D:2      | Gained mutation: Your health recovers twice as slowly from
                  | being drained. [potion of mutation]
   754 | D:2      | Gained mutation: You are robust. (+10% HP) [potion of
                  | mutation]
   754 | D:2      | Mangled by Robin

Illustrated notes

Levels and vault maps discovered:
D:1:      minmay_arrival_loop, layout_loops_ring
D:2:      layout_basic, uniq_sigmund, uniq_robin

Skill      XL: |  1  2 |
---------------+-------+-----
Ranged Weapons | 5 |  5.4
Fighting       | |  2.4
Armour         | |  0.3
Dodging        | |  2.1
Stealth        | |  0.7

Action                     || total
---------------------------++-------
   Fire: Shortbow          ||    63
    Use: Potion            ||     1
 Armour: Leather armour    ||    13
  Dodge: Dodged            ||    11

Table legend: (Time is in decaauts)
 A = Elapsed time spent in this place.
 B = Non-inter-level travel time spent in this place.
 C = Inter-level travel time spent in this place.
 D = Time resting spent in this place.
 E = Time spent auto-exploring this place.
 F = Levels seen in this place.
 G = Mean time per level.
                   A        B        C        D        E       F      G
               +--------+--------+--------+--------+--------+-----+--------+
         Total |    765 |    696 |     69 |      0 |    582 |   2 |  382.5 |
       Dungeon |    765 |    696 |     69 |      0 |    582 |   2 |  382.5 |
               +--------+--------+--------+--------+--------+-----+--------+

Top non-repeatable levels by time:
     D:1: 676 daAuts
     D:2: 89 daAuts
